 Dungeon Crawl Stone Soup version 0.22-a0-44-geb883ae (webtiles) character file.

2181 Lanoc the Spear-Bearer (level 9, 0/71 HPs)
             Began as a Merfolk Gladiator on Jan 5, 2018.
             Was an Initiate of Fedhas.
             Killed from afar by an electric eel (9 damage)
             ... with a bolt of electricity
             ... on level 7 of the Dungeon.
             The game lasted 00:20:45 (5826 turns).

Lanoc the Spear-Bearer (Merfolk Gladiator)          Turns: 5826, Time: 00:20:46

Health: 0/71       AC: 10    Str: 21    XL:     9   Next: 33%
Magic:  9/9        EV: 17    Int: 11    God:    Fedhas [......]
Gold:   320        SH:  0    Dex: 19    Spells: 8/8 levels left

rFire    . . .     SeeInvis .   a - +1 trident
rCold    . . .     Gourm    .   (no shield)
rNeg     + . .     Faith    .   t - +2 ring mail of Xom's Displeasure {rN+ Str+7 Int+4}
rPois    .         Spirit   .   c - +0 helmet
rElec    .         Reflect  .   (no cloak)
rCorr    .         Harm     .   i - +1 pair of gloves
MR       .....                  (no boots)
Stlth    +.........             (no amulet)
HPRegen  0.21/turn              (no ring)
MPRegen  0.11/turn              (no ring)

@: no status effects
A: change form in water, swift swim, stealthy swim
a: Fungal Bloom, Renounce Religion


You were on level 7 of the Dungeon.
You worshipped Fedhas.
Fedhas was noncommittal.
You were not hungry.

You visited 2 branches of the dungeon, and saw 8 of its levels.

You collected 320 gold pieces.

Inventory:

Hand Weapons
 a - a +1 trident (weapon)
Missiles
 d - 4 throwing nets (quivered)
Armour
 c - a +0 helmet (worn)
 i - a +1 pair of gloves (worn)
 t - the +2 ring mail of Xom's Displeasure (worn) {rN+ Str+7 Int+4}
   (You found it on level 5 of the Dungeon)

   It affects your strength (+7).
   It affects your intelligence (+4).
   It protects you from negative energy.
Magical Staves
 j - an uncursed staff of conjuration
Wands
 m - a wand of enslavement (7)
 s - a wand of acid (9)
Scrolls
 b - 6 scrolls of identify
 k - 4 scrolls of teleportation
 l - 2 scrolls of remove curse
 o - a scroll of enchant weapon
 q - a scroll of magic mapping {unknown}
Potions
 e - 3 potions of heal wounds
 g - a potion of haste
 h - a potion of curing {unknown}
 u - 3 potions of lignification
Books
 p - a book of Cantrips

   Spells                             Type                      Level
   a - Confusing Touch                Hexes                        1
   b - Animate Skeleton               Necromancy                   1
   c - Summon Small Mammal            Summoning                    1
   d - Apportation                    Translocation                1
Comestibles
 f - 17 rations
 n - 2 chunks of flesh


   Skills:
 + Level 6.7 Fighting
 * Level 12.2 Polearms
 - Level 2.0 Throwing
 + Level 1.7 Armour
 + Level 8.5 Dodging
 + Level 1.1 Invocations


You had 8 spell levels left.
You didn't know any spells.

Dungeon Overview and Level Annotations

Branches:
Dungeon (7/15)             Temple (1/1) D:6

Altars:
Ashenzari
Cheibriados
Elyvilon
Fedhas
Gozag
Hepliaklqana
Kikubaaqudgha
Makhleb
Nemelex Xobeh
Okawaru
Qazlal
Ru
Sif Muna
Trog
Uskayaw
Vehumet
Wu Jian
Xom
Zin
The Shining One

Shops:
D:4 :


Message History

The adder closely misses you.
The electric eel shoots out a bolt of lightning at you!
The bolt of electricity hits you!
The crimson imp blinks!
The electric eel shoots out a bolt of lightning at you!
The bolt of electricity hits the adder.
The adder dies!
The bolt of electricity hits you! x2
* * * LOW HITPOINT WARNING * * *
The electric eel shoots out a bolt of lightning at you!
The bolt of electricity hits the electric eel.
The electric eel completely resists.
The bolt of electricity hits you!
* * * LOW HITPOINT WARNING * * *
The electric eel shoots out a bolt of lightning at you!
The bolt of electricity hits you!
* * * LOW HITPOINT WARNING * * *
The electric eel shoots out a bolt of lightning at you!
The bolt of electricity hits you!
You die...
Fedhas appreciates your contribution to the ecosystem.

#.............PP.#............
#####............#############
..........########
....(...#........#
...####.#........# ..
####.#........#
#.##.............#
#.......##.......#
####@....####### ####
###.###.#######
.....##....#........#
.....#.....#........#
≈.P...................
≈≈≈≈≈.≈..≈≈P(.≈...≈..#
≈≈≈≈≈≈≈≈P≈≈≈PP...≈####
≈≈≈≈;;≈≈≈≈≈≈≈PPP≈≈≈≈
≈≈≈≈≈≈PP≈≈≈≈≈≈≈≈≈≈≈≈≈


You could see 2 electric eels.

Vanquished Creatures
  3 sky beasts
  2 phantoms
  A necrophage (D:5)
  3 ogres
  A centaur (D:5)
  3 scorpions
  2 howler monkeys (D:4)
  7 crimson imps
  A bullfrog zombie (D:6)
  A centaur zombie (D:5)
  2 hounds
  An orc priest (D:6)
  A centaur skeleton (D:5)
  Jessica (D:2)
  4 iguanas
  4 orc wizards
  5 worker ants
  A killer bee zombie (D:6)
  A howler monkey skeleton (D:5)
  A river rat (D:6)
  13 adders
  4 gnolls (D:6)
  A shadow imp (D:6)
  2 adder skeletons
  2 worms
  9 dart slugs (D:3)
  A leopard gecko (D:5)
  13 orcs
  4 ball pythons
  5 bats
  2 giant cockroaches
  8 hobgoblins
  6 jackals
  3 quokkas
  3 frilled lizards
  8 goblins
  A jackal skeleton (D:5)
  3 kobolds (D:2)
  A leopard gecko skeleton (D:6)
  4 rats
138 creatures vanquished.

Vanquished Creatures (others)
  An adder (D:7)
  4 toadstools (D:7)
5 creatures vanquished.

Grand Total: 143 creatures vanquished

Notes
Turn   | Place    | Note
-------+----------+-------------------------------------------
     0 | D:1      | Lanoc the Merfolk Gladiator began the quest for the Orb.
     0 | D:1      | Reached XP level 1. HP: 16/16 MP: 1/1
    98 | D:1      | Reached XP level 2. HP: 23/23 MP: 2/2
   182 | D:1      | Reached skill level 5 in Polearms
   280 | D:1      | You fall through a shaft!
   367 | D:2      | Reached XP level 3. HP: 25/28 MP: 3/3
   602 | D:2      | Reached XP level 4. HP: 32/34 MP: 4/4
   916 | D:2      | Noticed Jessica
   922 | D:2      | Killed Jessica
   922 | D:2      | Reached skill level 6 in Polearms
  1186 | D:3      | Reached skill level 5 in Dodging
  1203 | D:3      | Reached XP level 5. HP: 34/41 MP: 5/5
  1836 | D:4      | Reached skill level 7 in Polearms
  1942 | D:4      | Reached XP level 6. HP: 21/48 MP: 6/6
  2356 | D:4      | Reached skill level 8 in Polearms
  2449 | D:4      | Found a shimmering altar of Xom.
  2519 | D:4      | Reached XP level 7. HP: 52/55 MP: 7/7
  2524 | D:4      | Found Fedain's Book Shoppe.
  2950 | D:5      | Entered Level 5 of the Dungeon
  2957 | D:5      | Reached skill level 9 in Polearms
  3352 | D:5      | Got a bloodstained ring mail
  3363 | D:5      | Identified the +2 ring mail of Xom's Displeasure {rN+ Str+7 Int+4} (You found it on level 5 of the Dungeon)
  3385 | D:5      | Reached skill level 5 in Fighting
  3394 | D:5      | Reached XP level 8. HP: 60/62 MP: 8/8
  3407 | D:5      | Reached skill level 10 in Polearms
  3976 | D:6      | Reached skill level 11 in Polearms
  3990 | D:6      | Found a staircase to the Ecumenical Temple.
  4269 | D:6      | Found a glowing silver altar of Zin.
  4269 | D:6      | Found an ornate altar of the Wu Jian Council.
  4488 | D:6      | Found a sacrificial altar of Ru.
  4624 | D:6      | Found a hazy altar of Hepliaklqana.
  4625 | D:6      | Found a shimmering altar of Xom.
  4626 | D:6      | Noticed a spectral ugly thing
  4739 | D:6      | Reached skill level 1 in Armour
  4763 | D:6      | Reached XP level 9. HP: 69/70 MP: 9/9
  4828 | Temple   | Entered the Ecumenical Temple
  4904 | Temple   | Became a worshipper of Fedhas Madash
  5291 | D:7      | Reached skill level 12 in Polearms
  5602 | D:7      | Found a burning altar of Makhleb.
  5744 | D:7      | Reached skill level 1 in Invocations
  5807 | D:7      | Upgraded the game from 0.22-a0-42-g002c468 to 0.22-a0-44-geb883ae
  5826 | D:7      | Killed from afar by an electric eel

Vault maps used:
D:1:      mrwooster_arrival_statue_3, minmay_tree_intersection,
          minmay_misc_feat_secret_circle, minmay_crystal_water
D:2:      uniq_jessica
D:3:      kennysheep_slugbush, grunt_decor_mini_mirrors
D:4:      serial_shops, shop, led_xom_imps
D:5:      cheibrodos_helix_gallery, first_ration
D:6:      regret_index_temple_of_mockery, nicolae_ru_great_annihilating_truth,
          gammafunk_temple_overflow_statue, minmay_temple_entry_junction_2,
          portal_sewer_entry_b
D:7:      nicolae_overflow_hidden_temple, minmay_liquid_box, grunt_ogre_cave,
          chequers_big_river
Temple:   nicolae_temple_great_sept

Skill      XL: |  1  2  3  4  5  6  7  8  9 |
---------------+----------------------------+-----
Polearms       | 5 6 7 8 9 11 12 | 12.2
Fighting       | 3 4 5 6 |  6.7
Dodging        | 5 6 8 |  8.5
Armour         | 1 |  1.7
Invocations    | 1 |  1.1
Throwing       | |  2.0

Action                   |  1- 3 |  4- 6 |  7- 9 || total
-------------------------+-------+-------+-------++-------
Melee: Trident           |    96 |   205 |   398 ||   699
       Tailslap          |       |     1 |     2 ||     3
Invok: Fungal Bloom      |       |       |     3 ||     3
  Use: Scroll            |       |     4 |     6 ||    10
 Stab: Distracted        |     1 |       |       ||     1
       Sleeping          |       |       |     1 ||     1
  Eat: Chunk             |       |     4 |     9 ||    13
       Ration            |       |       |     1 ||     1
Armor: Leather armour    |     5 |       |       ||     5
       Ring mail         |    12 |    43 |    55 ||   110
Dodge: Dodged            |    59 |    88 |   170 ||   317

Table legend:
 A = Spawn XP
 B = Non-spawn XP
 C = Spawn XP percentage of total XP
 D = Spawn monster count
 E = Non-spawn monster count
 F = Spawn count percentage of total count
 G = Total turns spent on level
                    A         B        C        D         E        F      G
               +---------+---------+-------+---------+---------+-------+---------
         Total |       0 |    3116 |   0.0 |       0 |     139 |   0.0 |  5826
               +---------+---------+-------+---------+---------+-------+---------
           D:1 |       0 |      24 |   0.0 |       0 |      13 |   0.0 |   280
           D:2 |       0 |     115 |   0.0 |       0 |      18 |   0.0 |   858
           D:3 |       0 |     106 |   0.0 |       0 |      20 |   0.0 |   686
           D:4 |       0 |     557 |   0.0 |       0 |      19 |   0.0 |  1126
           D:5 |       0 |     970 |   0.0 |       0 |      25 |   0.0 |  1008
           D:6 |       0 |     850 |   0.0 |       0 |      32 |   0.0 |  1219
           D:7 |       0 |     494 |   0.0 |       0 |      12 |   0.0 |   561
               +---------+---------+-------+---------+---------+-------+---------
